 Dungeon Crawl Stone Soup version 0.24.0-13-gcf9b3192b9 (console) character file.

Game seed: 5530418591138250123, levelgen mode: deterministic

16594 AlterAsc the Martial Artist (level 12, -6/64 HPs)
             Began as a Vine Stalker Transmuter on Nov 9, 2019.
             Was a High Priest of Wu Jian.
             Hit by a silver javelin thrown by a minotaur (23 damage)
             ... in a Gauntlet.
             The game lasted 00:47:44 (9906 turns).

AlterAsc the Martial Artist (VSTm)                  Turns: 9906, Time: 00:47:45

Health: -6/64      AC: 12    Str: 16      XL:     12   Next: 39%
Magic:  0/23       EV: 14    Int: 14 (17) God:    Wu Jian [*****.]
Gold:   683        SH:  0    Dex: 19      Spells: 13/25 levels left

rFire    . . .     SeeInvis .     - Unarmed
rCold    . . .     Gourm    .   (shield currently unavailable)
rNeg     + . .     Faith    .   O - +3 ring mail {rPois}
rPois    +         Spirit   +   P - +2 hat of Emmamnibb {-Tele Dex+2 Stlth+}
rElec    +         Reflect  .   D - scarf {repulsion}
rCorr    .         Harm     .   (gloves currently unavailable)
MR       +....     NoTele   +   I - +0 pair of boots
Stlth    +.........             H - amulet of rage
HPRegen  1.00/turn              W - ring "Utairhat" {rElec rPois rN+ Int+4 Stlth-}
MPRegen  0.18/turn              l - +1 ring of slaying

@: blade hands (expiring), very slightly contaminated, repel missiles
A: fangs 3, regeneration 2, magic shield, antimagic bite, no potion heal 3, rot
immunity
a: End Transformation, Wall Jump, Serpent's Lash, Heavenly Storm, Renounce
Religion, Evoke Berserk Rage


You were in a Gauntlet.
You worshipped Wu Jian.
Wu Jian was extremely pleased with you.
You were hungry.
You had blades for hands.
You visited 2 branches of the dungeon, and saw 13 of its levels.
You also visited: Gauntlet.

You collected 683 gold pieces.

Inventory:

Missiles
 a - 202 arrows
 e - 32 poisoned darts
 E - 8 throwing nets (quivered)
Armour
 b - +1 ice dragon scales
 t - a +2 robe of cold resistance
 w - a +2 pair of gloves (melded)
 A - a +0 helmet
 D - a scarf of repulsion (worn)
 F - a +2 ring mail of fire resistance
 I - a +0 pair of boots (worn)
 O - a +3 ring mail of poison resistance (worn)
 P - the +2 hat of Emmamnibb (worn) {-Tele Dex+2 Stlth+}
   (You found it on level 7 of the Dungeon)

   It affects your dexterity (+2).
   It prevents most forms of teleportation.
   It makes you more stealthy.
 T - the +7 chain mail "Goraryon" {rElec rPois}
   (You found it on level 8 of the Dungeon)

   It insulates you from electricity.
   It protects you from poison.
Jewellery
 l - a +1 ring of slaying (right scythe-like blade)
 p - an uncursed ring of protection from fire
 H - an amulet of rage (around neck)
 J - an uncursed ring of resist corrosion
 L - an uncursed ring of resist corrosion
 N - an uncursed ring of protection from magic
 W - the ring "Utairhat" (left scythe-like blade) {rElec rPois rN+ Int+4 Stlth-}
   (You found it in a Gauntlet)

   [ring of intelligence]

   It affects your intelligence (+4).
   It insulates you from electricity.
   It protects you from poison.
   It protects you from negative energy.
   It makes you less stealthy.
 Y - a +4 ring of intelligence
Wands
 i - a wand of paralysis (16)
 K - a wand of iceblast (7)
 R - a wand of random effects (18)
 S - a wand of acid (13)
Scrolls
 f - 6 scrolls of teleportation
 h - a scroll of random uselessness {unknown}
 j - 3 scrolls of identify
 k - 3 scrolls of amnesia
 m - 3 scrolls of blinking
 o - a scroll of magic mapping
 s - 3 scrolls of fear
 x - 2 scrolls of enchant weapon
 y - a scroll of fog {unknown}
 C - a scroll of enchant armour {unknown}
 M - a scroll of noise {unknown}
 Q - 6 scrolls of remove curse {unknown}
Potions
 c - 2 potions of mutation {unknown}
 g - 4 potions of cancellation {unknown}
 n - 2 potions of resistance {unknown}
 q - 3 potions of agility {unknown}
 r - a potion of magic {unknown}
 u - 5 potions of curing
 v - 2 potions of degeneration {unknown}
 z - a potion of might {unknown}
 B - 3 potions of heal wounds
 G - 5 potions of lignification {unknown}
 U - a potion of ambrosia {unknown}
 V - a potion of brilliance {unknown}
 X - 2 potions of experience {unknown}
 Z - 2 potions of haste {unknown}
Comestibles
 d - 17 rations


   Skills:
 + Level 8.1 Fighting
 + Level 4.7 Armour
 + Level 5.1 Dodging
 * Level 11.1 Unarmed Combat
 + Level 7.0 Spellcasting
 + Level 9.0 Transmutations
 + Level 3.6 Evocations


You had 13 spell levels left.
You knew the following spells:

 Your Spells              Type           Power        Failure   Level  Hunger
a - Blade Hands           Tmut           ####......   58%         5    ######.
b - Sticks to Snakes      Tmut           ####....     14%         2    #......
c - Ice Form              Ice/Tmut       ###.....     78%         4    ####...
d - Beastly Appendage     Tmut           ####..       13%         1    None

Your spell library contained the following spells:

 Spells                   Type           Power        Failure   Level  Hunger
 Spider Form              Tmut/Pois      ###.......   50%         3    ##.....


Dungeon Overview and Level Annotations

Branches:
Dungeon (11/15)            Temple (0/1) D:5            Lair (2/6) D:9
  Swamp (0/4) Lair:2        Snake (0/4) Lair:2      Gauntlet (1/1)
    Orc: D:9-12

Altars:
Cheibriados
Dithmenos
Fedhas
Hepliaklqana
Kikubaaqudgha
Ru
Trog
Wu Jian
Xom
Yredelemnul
Zin

Annotations:
D:7 1 runed translucent door, 1 exclusion, Crazy Yiuf Gauntlet 12 transporters, 21 runed translucent doors


Innate Abilities, Weirdness & Mutations

You have razor-sharp teeth.
You heal very quickly.
When hurt, damage is shared between your health and your magic reserves.
Your bite disrupts and absorbs the magic of your enemies.
Potions cannot restore your health.
You are immune to rotting.


Message History

t - Shout!
Orders for allies: a - Attack new target. r - Retreat! s - Stop attacking. g - Guard the area. f - Follow me.
Anything else - Cancel.
Gang up on whom?
Press: ? - help, Dir - move target cursor, f - minotaur
Aim: a minotaur, wielding the +7 great mace "Firestarter" {inner flame, rF++} and wearing a +0 plate armour Attack!
Your transformation is almost over.
Your adder barely misses the minotaur.
The minotaur furiously retaliates!
The minotaur headbutts your adder, but does no damage.
The minotaur throws a silver javelin.
The silver javelin pierces through your adder!
Your adder dies!
The silver javelin pierces through you!!
* * * LOW HITPOINT WARNING * * *
The minotaur throws a silver javelin.
The silver javelin pierces through you!!
You die...

.............≈∩§§................
#################################
# #8##≈...............§##8# #8# #
# ####8§.©.©.©.©.©.©..8#### ### #
#≈...............≈#
#####.###.###.#####
###.###.###.### #.............#
#.###.###@###.# #......(.(....#
#######H####### #.# ..∩ +⌠..
#...⌠ #.⌠.. ##+###


You could see a minotaur.

Vanquished Creatures
  Gastronok (D:9)
  Snorg (D:10)
  A hydra (Lair:2)
  Harold (D:8)
  A two-headed ogre (D:9)
  A glowing orange brain (Gauntlet)
  A wizard (D:7)
  Pikel (D:8)
  An orc sorcerer (D:7)
  2 ugly things
  A slime creature (Gauntlet)
  A centaur zombie (D:10)
  2 spiny frogs (Lair:1)
  A rime drake (Lair:1)
  A komodo dragon (D:9)
  3 hornets
  Prince Ribbit (D:7)
  3 hippogriffs
  2 yaks
  Grum (D:8)
  A wyvern (D:10)
  4 nagas (Lair:2)
  2 soldier ants (D:8)
  2 water moccasins (Lair:1)
  Duvessa (D:7)
  A porcupine (Lair:1)
  An eye of draining (D:8)
  4 ice beasts
  2 orc warriors
  A phantom (D:5)
  2 sky beasts
  3 necrophages
  3 wolves (D:8)
  4 ogres
  3 centaurs
  4 crocodiles
  7 bullfrogs
  A wyvern zombie (D:7)
  Dowan (D:7)
  4 killer bees (D:9)
  A scorpion (D:7)
  A hornet simulacrum (Gauntlet)
  3 wights
  2 howler monkeys
  6 crimson imps
  A bullfrog zombie (D:10)
  6 jellies
  A bullfrog skeleton (D:9)
  3 hounds
  2 orc priests
  2 centaur skeletons
  A gnoll shaman (D:9)
  2 iguanas
  9 orc wizards
  6 worker ants
  2 killer bee zombies
  2 bullfrog simulacra (Gauntlet)
  A hound zombie (D:8)
  2 hound skeletons
  Robin (D:3)
  2 howler monkey zombies
  2 worker ant zombies
  8 gnolls
  14 adders
  A shadow imp (D:10)
  2 adder zombies
  An adder skeleton (D:5)
  4 worms
  4 dart slugs
  2 leopard geckos
  40 orcs
  2 ball pythons
  7 giant cockroaches
  21 goblins
  4 hobgoblins
  3 quokkas
  13 bats
  5 frilled lizards
  A giant cockroach zombie (D:5)
  A jackal skeleton (D:7)
  7 kobolds
  2 leopard gecko skeletons
  2 quokka skeletons
  A quokka zombie (D:5)
  8 rats
289 creatures vanquished.

Vanquished Creatures (others)
  A slave (D:8)
  An adder (D:8)
  25 demonic plants (Gauntlet)
  12 plants
39 creatures vanquished.

Grand Total: 328 creatures vanquished

Notes
Turn   | Place    | Note
-------+----------+-------------------------------------------
     0 | D:1      | AlterAsc the Vine Stalker Transmuter began the quest for
                  | the Orb.
     0 | D:1      | Reached XP level 1. HP: 9/9 MP: 4/4
   159 | D:1      | Reached skill level 1 in Fighting
   259 | D:1      | Reached XP level 2. HP: 2/14 MP: 3/6
  1069 | D:2      | Reached XP level 3. HP: 16/18 MP: 5/7
  1337 | D:2      | Gained mutation: Your natural rate of healing is unusually
                  | fast. [Vine Stalker growth]
  1337 | D:2      | Reached XP level 4. HP: 23/23 MP: 7/9
  1368 | D:2      | Found a bloodstained altar of Trog.
  1369 | D:2      | Found a shadowy altar of Dithmenos.
  1369 | D:2      | Found a glowing silver altar of Zin.
  1372 | D:2      | Found an ancient bone altar of Kikubaaqudgha.
  1374 | D:2      | Found an ornate altar of the Wu Jian Council.
  1401 | D:2      | Became a worshipper of the Wu Jian Council
  1772 | D:3      | Noticed Robin
  1797 | D:3      | Reached * piety under Wu Jian
  1805 | D:3      | Killed Robin
  1905 | D:3      | Found a hazy altar of Hepliaklqana.
  1997 | D:3      | Reached XP level 5. HP: 26/26 MP: 7/10
  2570 | D:4      | Reached skill level 4 in Unarmed Combat
  2570 | D:4      | Reached XP level 6. HP: 18/31 MP: 7/11
  2574 | D:4      | Learned a level 2 spell: Sticks to Snakes
  3137 | D:5      | Entered Level 5 of the Dungeon
  3143 | D:5      | Noticed a phantom
  3154 | D:5      | Found a shimmering altar of Xom.
  3206 | D:5      | Killed a phantom
  3219 | D:5      | Reached XP level 7. HP: 31/35 MP: 13/13
  3282 | D:5      | Reached skill level 5 in Transmutations
  3289 | D:5      | Learned a level 4 spell: Ice Form
  3295 | D:5      | Learned a level 5 spell: Blade Hands
  3416 | D:5      | Found a staircase to the Ecumenical Temple.
  3532 | D:5      | Found a sacrificial altar of Ru.
  3532 | D:5      | Found a basalt altar of Yredelemnul.
  3642 | D:5      | Reached ** piety under Wu Jian
  3688 | D:6      | You fall into a shaft and drop 3 floors!
  3730 | D:7      | Noticed Prince Ribbit
  3741 | D:7      | Killed Prince Ribbit
  3741 | D:7      | Reached skill level 5 in Unarmed Combat
  3741 | D:7      | Gained mutation: You have razor-sharp teeth. [Vine Stalker
                  | growth]
  3741 | D:7      | Reached XP level 8. HP: 5/41 MP: 6/15
  3821 | D:7      | Noticed a wizard
  4270 | D:6      | Found a snail-covered altar of Cheibriados.
  4745 | D:7      | Noticed an orc sorcerer
  4747 | D:7      | Killed a wizard
  4747 | D:7      | Reached skill level 5 in Spellcasting
  4747 | D:7      | Reached XP level 9. HP: 46/46 MP: 13/18
  4754 | D:7      | Noticed a sun demon
  4754 | D:7      | Killed an orc sorcerer
  4754 | D:7      | Reached skill level 6 in Unarmed Combat
  4775 | D:7      | Got a brightly glowing hat
  4786 | D:7      | Identified the +2 hat of Emmamnibb {-Tele Dex+2 Stlth+}
                  | (You found it on level 7 of the Dungeon)
  4814 | D:7      | Reached skill level 5 in Fighting
  5085 | D:7      | Noticed Dowan
  5086 | D:7      | Noticed Duvessa
  5110 | D:7      | Killed Dowan
  5112 | D:7      | Killed Duvessa
  5485 | D:7      | Reached *** piety under Wu Jian
  5612 | D:7      | Found a runed translucent door.
  5613 | D:7      | Noticed Crazy Yiuf
  5845 | D:8      | Noticed Pikel
  5848 | D:7      | Reached skill level 7 in Unarmed Combat
  5861 | D:8      | Reached XP level 10. HP: 52/52 MP: 20/20
  6215 | D:8      | Noticed Grum
  6234 | D:8      | Killed Grum
  6280 | D:8      | Reached skill level 1 in Armour
  6289 | D:8      | Noticed Harold
  6321 | D:8      | Killed Pikel
  6321 | D:8      | Reached skill level 8 in Unarmed Combat
  6331 | D:8      | Killed Harold
  6420 | D:8      | Paralysed by a hornet for 3 turns
  6565 | D:8      | Got an ichor-stained chain mail
  6577 | D:8      | Identified the +7 chain mail "Goraryon" {rElec rPois} (You
                  | found it on level 8 of the Dungeon)
  6915 | D:9      | Reached **** piety under Wu Jian
  7029 | D:9      | Noticed Gastronok
  7046 | D:9      | Killed Gastronok
  7046 | D:9      | Reached skill level 9 in Unarmed Combat
  7046 | D:9      | Reached XP level 11. HP: 50/58 MP: 20/22
  7253 | D:9      | Noticed a two-headed ogre
  7267 | D:9      | Killed a two-headed ogre
  7302 | D:9      | Found a staircase to the Lair.
  7599 | D:9      | Reached skill level 1 in Evocations
  7668 | D:10     | Entered Level 10 of the Dungeon
  7834 | D:10     | Reached ***** piety under Wu Jian
  7846 | D:10     | Reached skill level 10 in Unarmed Combat
  7878 | D:10     | Noticed a green ugly thing
  7881 | D:10     | Killed a green ugly thing
  8095 | D:10     | Noticed Snorg
  8105 | D:10     | Killed Snorg
  8350 | D:11     | Noticed a cyclops
  8361 | D:11     | Noticed a two-headed ogre
  8425 | D:11     | Found a blossoming altar of Fedhas.
  8481 | Lair:1   | Entered Level 1 of the Lair of Beasts
  8590 | Lair:1   | Gained mutation: You heal very quickly. [Vine Stalker
                  | growth]
  8590 | Lair:1   | Reached XP level 12. HP: 55/64 MP: 15/23
  9272 | Lair:2   | Noticed a five-headed hydra
  9278 | Lair:2   | Killed a five-headed hydra
  9318 | Lair:2   | Found a staircase to the Snake Pit.
  9320 | Lair:2   | Reached skill level 11 in Unarmed Combat
  9334 | Lair:2   | Reached skill level 5 in Dodging
  9338 | Lair:2   | Found a gate leading to a gauntlet.
  9347 | Gauntlet | Entered a Gauntlet
  9347 | Gauntlet | Found a transporter.
  9359 | Gauntlet | Found a transporter.
  9374 | Gauntlet | Found a transporter.
  9379 | Gauntlet | Found a transporter.
  9394 | Gauntlet | Found a transporter.
  9413 | Gauntlet | Found a transporter.
  9425 | Gauntlet | Found a transporter.
  9425 | Gauntlet | Noticed a balrug
  9440 | Gauntlet | Found a transporter.
  9455 | Gauntlet | Found a transporter.
  9465 | Gauntlet | Noticed a death yak
  9465 | Gauntlet | Noticed a death yak
  9466 | Gauntlet | Noticed a death yak
  9466 | Gauntlet | Noticed a death yak
  9467 | Gauntlet | Noticed a death yak
  9467 | Gauntlet | Noticed a death yak
  9469 | Gauntlet | Found a transporter.
  9481 | Gauntlet | Found a transporter.
  9485 | Gauntlet | Noticed a large abomination
  9498 | Gauntlet | Found a transporter.
  9498 | Gauntlet | Found a transporter.
  9518 | Gauntlet | Found a transporter.
  9605 | Gauntlet | Found a transporter.
  9607 | Gauntlet | Found a runed translucent gate.
  9607 | Gauntlet | Found a runed translucent gate.
  9607 | Gauntlet | Found a runed translucent gate.
  9610 | Gauntlet | Found a large runed translucent door.
  9610 | Gauntlet | Found a large runed translucent door.
  9610 | Gauntlet | Found a large runed translucent door.
  9610 | Gauntlet | Found a large runed translucent door.
  9614 | Gauntlet | Found a large runed translucent door.
  9614 | Gauntlet | Found a large runed translucent door.
  9617 | Gauntlet | Found a large runed translucent door.
  9618 | Gauntlet | Found a large runed translucent door.
  9618 | Gauntlet | Found a large runed translucent door.
  9618 | Gauntlet | Found a runed translucent door.
  9619 | Gauntlet | Found a large runed translucent door.
  9620 | Gauntlet | Found a large runed translucent door.
  9629 | Gauntlet | Found a runed translucent door.
  9644 | Gauntlet | Found a transporter.
  9645 | Gauntlet | Found a large runed translucent door.
  9658 | Gauntlet | Found a large runed translucent door.
  9660 | Gauntlet | Found a large runed translucent door.
  9660 | Gauntlet | Found a transporter.
  9668 | Gauntlet | Found a transporter.
  9678 | Gauntlet | Found a large runed translucent door.
  9678 | Gauntlet | Found a large runed translucent door.
  9879 | Gauntlet | Got a crude lapis lazuli ring
  9881 | Gauntlet | Identified the ring "Utairhat" {rElec rPois rN+ Int+4
                  | Stlth-} (You found it in a Gauntlet)
  9898 | Gauntlet | Noticed a minotaur
  9906 | Gauntlet | Hit by a silver javelin thrown by a minotaur

Levels and vault maps discovered:
D:1:      dpeg_arrival_refuge, layout_loops_ring, minmay_unequal
D:2:      layout_rooms, minitemple, first_ration
D:3:      layout_loops_ring, marbit_many_paths, hangedman_decor_peaks_small,
          minivault_14, uniq_robin
D:4:      layout_basic
D:5:      layout_rooms, xom_teletrap_fun, amethyst_overflow_temple_binary,
          minmay_temple_entry_sparse_star
D:6:      layout_cave_pods, corner_web_ring, grunt_ministairs_15,
          kennysheep_slug_shrine
D:7:      cheibrodos_wizards_tower, layout_basic, uniq_prince_ribbit1,
          uniq_crazy_yiuf_cottage, uniq_duvessa
D:8:      layout_basic, hangedman_pestilent_swarm, uniq_pikel, uniq_harold,
          uniq_grum
D:9:      layout_basic, david_lair_shrubbed, minmay_circle_x, uniq_gastronok
D:10:     layout_loops_ring, uniq_snorg
D:11:     layout_rooms, basic_altar
Lair:1:   layout_cave_pods, grunt_megastairs_2, lemuel_fruit_tree
Lair:2:   layout_hall_layers, nicolae_swamp_entry_splash_gauntlet,
          minmay_snake_entry_guardpost_small, gauntlet_entry_generic,
          minmay_hedge_maze
Gauntlet: gammafunk_gauntlet_one_two_three [gammafunk_gauntlet_arena_crates,
          minmay_gauntlet_arena_make_your_own_arena,
          gammafunk_gauntlet_arena_spirals, gammafunk_gauntlet_arena_hedges,
          gammafunk_gauntlet_arena_grid, gammafunk_gauntlet_arena_mazey,
          nicolae_gauntlet_swirl, nicolae_gauntlet_arena_grate_2,
          nicolae_gauntlet_arena_flowing_pool, gauntlet_exit_hidden_loot]

Skill      XL: |  1  2  3  4  5  6  7  8  9 10 11 12 |
---------------+-------------------------------------+-----
Fighting       | 1 2 3 4 5 6 7 8 |  8.1
Transmutations | 3 4 5 7 8 9 |  9.0
Spellcasting   | 3 4 5 6 7 |  7.0
Unarmed Combat | 4 5 7 9 10 11 | 11.1
Dodging        | 3 4 5 |  5.1
Armour         | 3 4 |  4.7
Evocations     | 2 3 |  3.6

Action                   |  1- 3 |  4- 6 |  7- 9 | 10-12 || total
-------------------------+-------+-------+-------+-------++-------
Melee: Unarmed           |    96 |   180 |   248 |   280 ||   804
       Bite              |    15 |    50 |    72 |    74 ||   211
       Kick              |     5 |    31 |    10 |       ||    46
       Punch             |     1 |     1 |     7 |    12 ||    21
       Headbutt          |     2 |     9 |       |       ||    11
 Cast: Beastly Appendage |    17 |    25 |    11 |       ||    53
       Blade Hands       |       |       |     4 |    48 ||    52
       Sticks to Snakes  |       |       |       |     2 ||     2
Invok: Lunge             |       |    10 |    17 |    37 ||    64
       Whirlwind         |       |     2 |     3 |     2 ||     7
 Abil: End Transformatio |       |       |       |     1 ||     1
Evoke: Wand              |       |       |     4 |     1 ||     5
  Use: Scroll            |       |     4 |     4 |     2 ||    10
 Stab: Sleeping          |       |     1 |     3 |     6 ||    10
  Eat: Chunk             |     2 |     6 |     8 |    25 ||    41
       Ration            |       |       |     1 |     1 ||     2
Armor: Robe              |     8 |    50 |    63 |    31 ||   152
       Leather armour    |    19 |       |       |       ||    19
       Ring mail         |       |       |       |     2 ||     2
Dodge: Dodged            |    52 |    98 |    99 |   103 ||   352
       Deflected         |       |     3 |     1 |     5 ||     9
